 Dungeon Sprint DCSS version 0.18-a0-1372-gd644665 (webtiles) character file.

523 Kidiri the Slasher (level 7, -3/68 HPs)
             Began as a Centaur Fighter on Feb 21, 2016.
             Was a Follower of Okawaru.
             Slain by a troll (5 damage)
             ... in the Dungeon (Sprint IX: "|||||||||||||||||||||||||||||").
             The game lasted 00:03:22 (541 turns).

Kidiri the Slasher (Centaur Fighter)                 Turns: 541, Time: 00:03:23

Health: -3/68      AC: 14    Str: 25    XL:     7   Next: 2%
Magic:  9/9        EV:  6    Int: 10    God:    Okawaru [*.....]
Gold:   0          SH: 10    Dex:  9    Spells: 0 memorised, 6 levels left

rFire  . . .     SeeInvis .     s - +2 scimitar (flame)
rCold  . . .     Gourm    .     m - +1 chain mail
rNeg   . . .     Faith    .     c - +0 shield
rPois  +         Spirit   .     a - +0 helmet
rElec  .         Dismiss  .     (no cloak)
rCorr  .         Reflect  .     g - +0 pair of gloves
SustAt .         Harm     .     (no barding)
MR     .....     Clarity  +     (no amulet)
Stlth  .......... NoTele   +    t - +2 ring of protection
                                n - +3 ring of intelligence

@: mighty, very quick, not resistant to hostile enchantments, extremely
unstealthy
A: hooves 3, blink, clarity, deformed body, speed 2, poison resistance, robust
1, tough skin 3, evolution 1
a: Blink, Heroism, Renounce Religion


You were in the Dungeon.
You worshipped Okawaru.
Okawaru was aware of your devotion.
You were not hungry.

You visited 1 branch

Inventory:

Hand Weapons
 s - a +2 scimitar of flaming (weapon)
Armour
 a - a +0 helmet (worn)
 c - a +0 shield (worn)
 g - a +0 pair of gloves (worn)
 m - a +1 chain mail (worn)
Jewellery
 n - a +3 ring of intelligence (left hand)
 t - a +2 ring of protection (right hand)
Wands
 r - a wand of lightning (7/15)
Scrolls
 k - 2 scrolls of blinking
 p - 3 scrolls of remove curse
 q - 2 scrolls of amnesia
Potions
 e - a potion of invisibility
 h - a potion of haste
 i - 4 potions of magic
Comestibles
 b - 3 chunks of flesh
 f - a bread ration


   Skills:
 + Level 5.9 Fighting
 * Level 6.8 Long Blades
 + Level 0.4 Throwing
 * Level 6.1 Armour
 + Level 3.6 Dodging
 * Level 6.0 Shields
 + Level 3.5 Invocations


You had 6 spell levels left.
You didn't know any spells.

Dungeon Overview and Level Annotations

Branches:
Dungeon (1/1)

Altars:
Cheibriados
Dithmenos
Elyvilon
Fedhas
Gozag
Kikubaaqudgha
Makhleb
Nemelex Xobeh
Okawaru
Pakellas
Qazlal
Ru
Sif Muna
Trog
Vehumet
Xom
Yredelemnul
Zin
The Shining One
Beogh
Jiyva
Lugonu


Innate Abilities, Weirdness & Mutations

You have hooves in place of feet.
Armour fits poorly on your strangely shaped body.
You cover ground very quickly.
You have extremely tough skin (AC +3).
You can translocate small distances at will.
You possess an exceptional clarity of mind.
Your system is resistant to poisons.
You are robust (+10% HP).
You evolve.


Message History

The troll bites you!
* * * LOW HITPOINT WARNING * * *
The troll claws you but does no damage. x2
Drink which item? (? for menu, Esc to quit)
You feel better. You block the troll's attack. x3
Drink which item? (? for menu, Esc to quit)
You feel very mighty all of a sudden. The troll bites you.
* * * LOW HITPOINT WARNING * * *
The troll claws you but does no damage. The troll claws you.
* * * LOW HITPOINT WARNING * * *
Drink which item? (? for menu, Esc to quit)
Okay, then.
Unknown command.
You completely miss the troll.
The troll is severely wounded.
The troll bites you!
* * * LOW HITPOINT WARNING * * *
The troll claws you.
You die...

▓.▓
▓.▓
▓T▓
▓Y▓
▓C▓
▓W▓
▓T▓
▓@▓
▓.▓
▓.▓
▓.▓
▓.▓
▓)▓
▓)▓
▓(▓
▓.▓


You could see a hill giant, a yak, 2 trolls and a hungry ghost.

Vanquished Creatures
  A sky beast (D)
  2 ogres (D)
  A centaur (D)
  A scorpion (D)
  3 crimson imps (D)
  A worker ant (D)
  An adder (D)
  2 giant geckos (D)
  2 goblins (D)
  A hobgoblin (D)
  A giant newt (D)
  A rat (D)
17 creatures vanquished.

Notes
Turn   | Place    | Note
--------------------------------------------------------------
     0 | D        | Kidiri the Centaur Fighter began the quest for the Orb.
     0 | D        | Reached XP level 1. HP: 19/19 MP: 1/1
   130 | D        | Noticed a worker ant
   130 | D        | Noticed a sky beast
   130 | D        | Noticed a crimson imp
   164 | D        | Killed a crimson imp
   164 | D        | Reached skill level 1 in Dodging
   164 | D        | Reached XP level 2. HP: 17/26 MP: 2/2
   164 | D        | Reached XP level 3. HP: 20/31 MP: 3/3
   181 | D        | Killed a sky beast
   181 | D        | Reached skill level 4 in Fighting
   181 | D        | Reached XP level 4. HP: 21/41 MP: 4/4
   184 | D        | Reached skill level 5 in Long Blades
   184 | D        | Reached XP level 5. HP: 25/47 MP: 5/5
   198 | D        | Gained mutation: You possess an exceptional clarity of mind. [mutagenic meat]
   199 | D        | Gained mutation: You are robust (+10% HP). [mutagenic meat]
   200 | D        | Gained mutation: Your system is resistant to poisons. [mutagenic meat]
   201 | D        | Gained mutation: You can translocate small distances at will. [mutagenic meat]
   202 | D        | Gained mutation: You evolve. [mutagenic meat]
   214 | D        | Found a glowing silver altar of Zin.
   214 | D        | Found a glowing golden altar of the Shining One.
   214 | D        | Found an ancient bone altar of Kikubaaqudgha.
   214 | D        | Found a basalt altar of Yredelemnul.
   214 | D        | Found a shimmering altar of Xom.
   214 | D        | Found a radiant altar of Vehumet.
   215 | D        | Found an iron altar of Okawaru.
   216 | D        | Found a burning altar of Makhleb.
   217 | D        | Found a deep blue altar of Sif Muna.
   218 | D        | Found a bloodstained altar of Trog.
   219 | D        | Found a sparkling altar of Nemelex Xobeh.
   220 | D        | Found a white marble altar of Elyvilon.
   221 | D        | Found a roughly hewn altar of Beogh.
   222 | D        | Found a viscous altar of Jiyva.
   223 | D        | Became a worshipper of Warmaster Okawaru
   224 | D        | Found a corrupted altar of Lugonu.
   225 | D        | Found a blossoming altar of Fedhas.
   226 | D        | Found a snail-covered altar of Cheibriados.
   227 | D        | Found a shadowy altar of Dithmenos.
   228 | D        | Found a stormy altar of Qazlal.
   229 | D        | Found an opulent altar of Gozag.
   230 | D        | Found a sacrificial altar of Ru.
   231 | D        | Found an oddly glowing altar of Pakellas.
   399 | D        | Noticed a centaur
   399 | D        | Noticed an ogre
   399 | D        | Noticed an ogre
   414 | D        | Reached skill level 1 in Invocations
   421 | D        | Killed an ogre
   421 | D        | Reached skill level 5 in Fighting
   421 | D        | Reached skill level 5 in Armour
   421 | D        | Reached skill level 5 in Shields
   421 | D        | Reached XP level 6. HP: 56/61 MP: 5/7
   425 | D        | Reached skill level 6 in Long Blades
   514 | D        | Noticed a troll
   514 | D        | Noticed a yak
   514 | D        | Noticed a hill giant
   514 | D        | Noticed a hungry ghost
   514 | D        | Noticed a troll
   515 | D        | Reached * piety under Okawaru
   515 | D        | Reached XP level 7. HP: 68/68 MP: 9/9
   541 | D        | HP: 2/68 [troll (8)]
   541 | D        | Slain by a troll

Vault maps used:
D:        linesprint

Action                   |  1- 3 |  4- 6 |  7- 9 || total
-------------------------+-------+-------+-------++-------
Melee: Long sword        |    58 |     4 |       ||    62
       Scimitar          |       |    38 |    19 ||    57
  Use: Potion            |     3 |       |     7 ||    10
  Eat: Chunk             |       |     5 |       ||     5
